 Dungeon Crawl Stone Soup version 0.28.0-53-g5a82cb258f (webtiles) character file.

Game seed: 6592094563535921195

60 Qrupt the Skirmisher (level 3, 0/31 HPs)
             Began as a Palentonga Fighter on July 29, 2022.
             Slain by Natasha (3 damage)
             ... on level 2 of the Dungeon.
             The game lasted 00:01:34 (1328 turns).

Qrupt the Skirmisher (Palentonga Fighter)           Turns: 1328, Time: 00:01:34

Health: 0/31       AC:  7    Str: 21    XL:     3   Next: 82%
Magic:  3/3        EV:  7    Int:  8    God:
Gold:   43         SH:  4    Dex:  9    Spells: 2/2 levels left

rFire   . . .      SeeInvis +   a - +0 long sword
rCold   . . .      Faith    .   c - +0 buckler
rNeg    . . .      Spirit   .   b - +0 scale mail
rPois   .          Reflect  .   (no helmet)
rElec   .          Harm     .   h - +0 cloak
rCorr   .          Rampage  .   (no gloves)
Will    .....                   (no barding)
Stlth   ..........              (no amulet)
HPRegen 0.10/turn               (no ring)
MPRegen 0.08/turn               (no ring)

@: flying, hasted and slowed
A: large, rugged brown scales 3, see invisible, deformed body, roll 1, armoured
tail
a: Rolling Charge


You were on level 2 of the Dungeon.
You visited 1 branch of the dungeon, and saw 2 of its levels.

You collected 43 gold pieces.

Inventory:

Hand Weapons
 a - a +0 long sword (weapon)
Armour
 b - a +0 scale mail (worn)
 c - a +0 buckler (worn)
 h - a +0 cloak (worn)
Scrolls
 e - a scroll of identify {unknown}
 f - a scroll of torment {unknown}
 g - a scroll of teleportation {unknown}
Potions
 d - a potion of might


   Skills:
 + Level 3.3 Fighting
 + Level 3.0 Long Blades
 + Level 2.8 Armour
 + Level 0.3 Dodging
 + Level 2.7 Shields


You had 2 spell levels left.
You didn't know any spells.
Your spell library was empty.

Dungeon Overview and Level Annotations

Branches:
Dungeon (2/15)

Altars:

Shops:
D:2 *

Annotations:
D:2 Natasha


Innate Abilities, Weirdness & Mutations

You are completely covered in rugged brown scales. (AC +3, +7% HP)
You have supernaturally acute eyesight. (SInv)
Armour fits poorly on your strangely shaped body.
You can roll at nearby foes to attack.
You have a long armoured tail.


Message History

Natasha barely misses you.
You barely miss Natasha.
Natasha is moderately wounded.
Natasha claws you.
The crimson imp hits you but does no damage.
You closely miss Natasha.
Natasha is moderately wounded.
The crimson imp barely misses you. Natasha claws you.
The crimson imp barely misses you.
You hit Natasha.
Natasha is moderately wounded.
The crimson imp hits you but does no damage.
You block Natasha's attack.
The crimson imp hits you but does no damage.
Natasha casts a spell at you. The magic dart hits you.
The crimson imp blinks!
The crimson imp hits you.
You closely miss Natasha.
Natasha is moderately wounded.
Natasha casts a spell at you.
You feel yourself slow down. The crimson imp barely misses you.
You closely miss Natasha.
Natasha is moderately wounded.
The crimson imp hits you. Natasha claws you but does no damage.
The crimson imp shouts, "Scamper away, thou pottle-deep ruttish foot-licker!"
The crimson imp blinks!
Natasha claws you!
* * * LOW HITPOINT WARNING * * *
The crimson imp hits you but does no damage.
It was a potion of haste.
You feel yourself speed up. The crimson imp barely misses you.
Natasha claws you but does no damage. x2
The crimson imp blinks!
It was a potion of magic.
Magic courses through your body. The crimson imp hits you.
* * * LOW HITPOINT WARNING * * *
Natasha claws you but does no damage.
It was a potion of flight.
You feel very buoyant.
You fly up into the air.
The crimson imp disappears in a puff of smoke!
Natasha claws you.
You die...

###.##.##... .........#
####.##.#.# #
........#.##..##### #
#.#.............
##?######.#..#.##..#####
....................#####
........................
$##.###.@.....#.##..###.#
.......h.5......##.... #
...#.##..####..#.##..## #
#......§.......#.##..# #
...#.##..####........#####
.......†.................
..#......................
#.##..##.##.#.#.#.#...#
#...........#...#.#....


You could see Natasha and a crimson imp (summoned).

Vanquished Creatures
  Natasha (D:2)
  A dart slug (D:1)
  2 endoplasms (D:2)
  3 giant cockroaches (D:1)
  3 goblins
  3 hobgoblins
  3 jackals (D:1)
  2 quokkas (D:1)
  5 ball pythons
  2 bats (D:1)
  A frilled lizard (D:1)
  A kobold (D:1)
  5 rats
32 creatures vanquished.

Notes
Turn   | Place    | Note
-------+----------+-------------------------------------------
     0 | D:1      | Qrupt the Palentonga Fighter began the quest for the Orb.
     0 | D:1      | Reached XP level 1. HP: 19/19 MP: 1/1
   263 | D:1      | Found a faded altar of an unknown god.
   309 | D:1      | Reached XP level 2. HP: 23/25 MP: 2/2
   952 | D:2      | Reached XP level 3. HP: 31/31 MP: 3/3
  1184 | D:2      | Found Jegillur's Assorted Antiques.
  1213 | D:2      | Noticed Natasha
  1216 | D:2      | Killed Natasha
  1309 | D:2      | Noticed Natasha
  1328 | D:2      | Slain by Natasha

Illustrated notes

Levels and vault maps discovered:
D:1:      minmay_arrival_pointy, layout_basic,
          hellmonk_ecumenical_altar_crossroads, minmay_tetromino_i2
D:2:      layout_basic, serial_shops, shop, shop, basic_altar, minmay_ruptured,
          uniq_natasha

Skill      XL: |  1  2  3 |
---------------+----------+-----
Long Blades    | 3 |  3.0
Fighting       | |  3.3
Armour         | |  2.8
Dodging        | |  0.3
Shields        | |  2.7

Action                   || total
-------------------------++-------
Melee: Long sword        ||   105
       Tailslap          ||     8
  Use: Potion            ||     3
Armor: Scale mail        ||    66
Dodge: Dodged            ||    55
Block: Buckler           ||    18
